 Dungeon Sprint DCSS version 0.19.1 (webtiles) character file.

11623 equalderp2856 the Eviscerator (level 11, -2/53 HPs)
             Began as a Felid Fighter on Nov 28, 2016.
             Was a High Priest of Nemelex Xobeh.
             Killed from afar by a fire dragon (55 damage)
             ... with a blast of flame
             ... in the Dungeon (Sprint IX: "|||||||||||||||||||||||||||||").
             The game lasted 00:15:23 (5636 turns).

equalderp2856 the Eviscerator (Felid Fighter)       Turns: 5636, Time: 00:15:27

Health: -2/53      AC:  2    Str: 12    XL:     11   Next: 51%
Magic:  17/17      EV: 36    Int: 11    God:    Nemelex Xobeh [*****.]
Gold:   1919       SH:  0    Dex: 21    Spells: 0 memorised, 10 levels left
                                        Lives:  0   Deaths: 3

rFire  . . .     SeeInvis +       - Unarmed
rCold  . . .     Gourm    .     (armour unavailable)
rNeg   . . .     Faith    .     (shield unavailable)
rPois  .         Spirit   .     (helmet unavailable)
rElec  .         Reflect  .     (cloak unavailable)
rCorr  .         Harm     .     (gloves unavailable)
MR     +....     NoTele   +     (boots unavailable)
Stlth  ++++++....               (no amulet)
                                o - +2 ring of evasion
                                n - +3 ring of dexterity

@: quick
A: no armour, no weapons or thrown items, stealth, claws 1, fangs 3, see
invisible, carnivore 3, speed 1, shaggy fur 2, slow metabolism 1, sharp paws
a: Triple Draw, Deal Four, Stack Five, Renounce Religion


You were in the Dungeon.
You worshipped Nemelex Xobeh.
Nemelex Xobeh was extremely pleased with you.
You were not hungry.

You visited 1 branch You collected 1919 gold pieces.

Inventory:

Jewellery
 n - a +3 ring of dexterity (left paw)
 o - a +2 ring of evasion (right paw)
 D - a +4 amulet of reflection
 E - an uncursed ring of protection from fire
 F - an uncursed ring of protection from fire
Wands
 m - a wand of acid (7/15)
Scrolls
 h - 3 scrolls of blinking
 i - a scroll of acquirement
 k - 4 scrolls of remove curse
 l - 2 scrolls of amnesia
 t - 3 scrolls of fog
 u - 3 scrolls of identify
 A - a scroll of recharging
Potions
 a - 2 potions of might
 c - 3 potions of curing
 d - 4 potions of heal wounds
 e - 4 potions of haste
 f - 4 potions of magic
 g - a potion of berserk rage
 j - a potion of invisibility
 q - 2 potions of brilliance
 r - 2 potions of agility
 s - a potion of cure mutation
 B - 2 potions of resistance
Miscellaneous
 b - a legendary deck of destruction
 p - a plain deck of summoning {drawn: 9}
 w - a legendary deck of destruction
 x - a plain deck of destruction
 y - an ornate deck of destruction
 z - an ornate deck of destruction
 C - an ornate deck of summoning {drawn: 2}
 G - an ornate deck of destruction {drawn: 3}
Comestibles
 v - 12 meat rations


   Skills:
 + Level 9.6 Fighting
 + Level 16.4 Dodging
 + Level 11.2 Stealth
 + Level 22.8 Unarmed Combat
 + Level 7.1 Invocations


You had 10 spell levels left.
You didn't know any spells.

Dungeon Overview and Level Annotations

Branches:
Dungeon (1/1)

Altars:
Cheibriados
Dithmenos
Elyvilon
Fedhas
Gozag
Hepliaklqana
Kikubaaqudgha
Makhleb
Nemelex Xobeh
Okawaru
Qazlal
Ru
Sif Muna
Trog
Uskayaw
Vehumet
Xom
Yredelemnul
Zin
The Shining One
Beogh
Jiyva
Lugonu

Shops:
D (!*?


Innate Abilities, Weirdness & Mutations

You cannot wear armour.
You are incapable of wielding weapons or throwing items.
Your paws allow you to move quietly. (Stealth)
You have sharp claws.
You have razor-sharp teeth.
You have supernaturally acute eyesight. (SInv)
You are carnivorous and can eat meat at any time.
You cover ground quickly.
You are covered in thick fur. (AC +2)
You have a slow metabolism.
Your sharp claws are effective at attacking unaware monsters.


Message History

a scimitar of flaming; a robe You see here an arrow.
There is an open door to the Dungeon here.
Things that are here:
a shortbow; an uncursed shortbow; 39 arrows
Things that are here:
a flail; a robe A tengu warrior comes into view.
It is wielding an enchanted great mace.
A necromancer comes into view. It is wielding an enchanted dagger.
The tengu warrior shouts!
The necromancer shouts!
You swap places.
The fire dragon breathes flames at you. The blast of flame hits your centaur.
Your centaur dies!
Your centaur's corpse disappears in a puff of smoke!
The blast of flame hits you!
Ouch! That really hurt!
You die...
Your body disappears without a glow.

▓▓▓▓▓▓▓▓▓▓▓▓▓▓▓▓▓▓▓▓▓▓▓▓▓
+..pQTD§@c....))'.....(.)
▓▓▓▓▓▓▓▓▓▓▓▓▓▓▓▓▓▓▓▓▓▓▓▓▓▓▓▓▓▓▓▓▓
..............................)..
▓▓▓▓▓▓▓▓▓▓▓▓▓▓▓▓▓▓▓▓▓▓▓▓▓▓▓▓▓▓▓▓▓
........'.....∩.∩.∩.∩[....()÷....
▓▓▓▓▓▓▓▓▓▓▓▓▓▓▓▓▓▓▓▓▓▓▓▓▓▓▓▓▓▓▓▓▓
..............................)..
▓▓▓▓▓▓▓▓▓▓▓▓▓▓▓▓▓▓▓▓▓▓▓▓▓▓▓▓▓▓▓▓▓
...'..[[[[.%')...........'.......


You could see a fire dragon, a tengu warrior, a deep troll shaman, a necromancer
and a friendly centaur.

Vanquished Creatures
  A stone giant (D)
  Josephine (D)
  2 ogre magi (D)
  A hydra (D)
  Erolcha (D)
  2 centaur warriors (D)
  A deep troll (D)
  A glowing orange brain (D)
  4 hill giants (D)
  A manticore (D)
  A spiny frog (D)
  3 trolls (D)
  3 polar bears (D)
  A blink frog (D)
  A slime creature (D)
  A dream sheep (D)
  A yak (D)
  3 wraiths (D)
  A basilisk (D)
  A hungry ghost (D)
  A soldier ant (shapeshifter) (D)
  2 water moccasins (D)
  2 porcupines (D)
  A sky beast (D)
  6 black bears (D)
  11 orc warriors (D)
  An ogre (D)
  A centaur (D)
  A crocodile (D)
  4 bullfrogs (D)
  A scorpion (D)
  A howler monkey (D)
  4 orc priests (D)
  A hound (D)
  A worker ant (D)
  5 orc wizards (D)
  An adder skeleton (D)
  An adder zombie (D)
  3 leopard geckos (D)
  8 orcs (D)
  A ball python (D)
  A bat (D)
  2 giant cockroaches (D)
  2 goblins (D)
  A leopard gecko zombie (D)
94 creatures vanquished.

Vanquished Creatures (collateral kills)
  2 fire dragons (D)
  Erica (D)
  An iron troll (D)
  A deep troll (D)
  A hill giant (D)
  2 wraiths (D)
  A water moccasin (D)
  A hell rat (D)
10 creatures vanquished.

Vanquished Creatures (others)
  A spatial maelstrom (D)
1 creature vanquished.

Grand Total: 105 creatures vanquished

Notes
Turn   | Place    | Note
-------+----------+-------------------------------------------
     0 | D        | equalderp2856 the Felid Fighter began the quest for the Orb.
     0 | D        | Reached XP level 1. HP: 10/10 MP: 2/2
    13 | D        | Banished a spatial maelstrom
    15 | D        | Reached skill level 5 in Unarmed Combat
   177 | D        | Reached XP level 2. HP: 11/14 MP: 3/3
   323 | D        | Found a roughly hewn altar of Beogh.
   323 | D        | Found a snail-covered altar of Cheibriados.
   323 | D        | Found a shadowy altar of Dithmenos.
   323 | D        | Found a white marble altar of Elyvilon.
   323 | D        | Found a blossoming altar of Fedhas.
   323 | D        | Found an opulent altar of Gozag.
   324 | D        | Found a hazy altar of Hepliaklqana.
   325 | D        | Found a viscous altar of Jiyva.
   326 | D        | Found an ancient bone altar of Kikubaaqudgha.
   327 | D        | Found a corrupted altar of Lugonu.
   328 | D        | Found a burning altar of Makhleb.
   329 | D        | Found a sparkling altar of Nemelex Xobeh.
   330 | D        | Found an iron altar of Okawaru.
   331 | D        | Found a stormy altar of Qazlal.
   332 | D        | Found a sacrificial altar of Ru.
   333 | D        | Found a deep blue altar of Sif Muna.
   334 | D        | Found a bloodstained altar of Trog.
   335 | D        | Found a hide-covered altar of Uskayaw.
   336 | D        | Found a radiant altar of Vehumet.
   337 | D        | Found a shimmering altar of Xom.
   338 | D        | Found a basalt altar of Yredelemnul.
   339 | D        | Found a glowing silver altar of Zin.
   343 | D        | Became a worshipper of Nemelex Xobeh the Trickster
   349 | D        | Found a glowing golden altar of the Shining One.
   349 | D        | Received a gift from Nemelex Xobeh
   377 | D        | Noticed a hill giant
   377 | D        | Noticed an ogre
   377 | D        | Noticed a sky beast
   377 | D        | Noticed a scorpion
   377 | D        | Noticed a centaur
   382 | D        | Killed a centaur
   382 | D        | Reached skill level 8 in Unarmed Combat
   382 | D        | Reached XP level 3. HP: 14/18 MP: 4/4
   382 | D        | Reached XP level 4. HP: 17/22 MP: 5/5
   393 | D        | Mangled by a hill giant
   394 | D        | Reached XP level 3. HP: -10/18 MP: 4/4
   394 | D        | Received a gift from Nemelex Xobeh
   397 | D        | Reached * piety under Nemelex Xobeh
   454 | D        | Noticed a hungry ghost
   467 | D        | Killed a hungry ghost
   467 | D        | Reached skill level 5 in Fighting
   467 | D        | Reached skill level 10 in Unarmed Combat
   467 | D        | Reached XP level 4. HP: 20/23 MP: 5/5
   467 | D        | Reached XP level 5. HP: 23/27 MP: 6/6
   584 | D        | Reached skill level 11 in Unarmed Combat
   584 | D        | Gained mutation: You are covered in thick fur. (AC +2) [Felid growth]
   584 | D        | Reached XP level 6. HP: 31/31 MP: 7/7
   598 | D        | Killed a sky beast
   598 | D        | Reached skill level 1 in Stealth
   598 | D        | Reached skill level 12 in Unarmed Combat
   598 | D        | Reached skill level 1 in Invocations
   604 | D        | Reached XP level 7. HP: 31/35 MP: 8/8
   646 | D        | Killed a hill giant
   646 | D        | Reached skill level 10 in Dodging
   646 | D        | Reached skill level 13 in Unarmed Combat
   729 | D        | Reached ** piety under Nemelex Xobeh
   777 | D        | Noticed a spiny frog
   777 | D        | Noticed a yak
   777 | D        | Noticed a basilisk
   778 | D        | Noticed a polar bear
   787 | D        | Reached skill level 14 in Unarmed Combat
   793 | D        | Killed a basilisk
   793 | D        | Reached XP level 8. HP: 33/40 MP: 10/10
   798 | D        | Noticed a six-headed hydra
   801 | D        | Reached skill level 15 in Unarmed Combat
   926 | D        | Killed a spiny frog
   932 | D        | Killed a polar bear
   932 | D        | Reached skill level 16 in Unarmed Combat
   947 | D        | Noticed a fire dragon
   947 | D        | a six-headed hydra changed into a fire dragon
   947 | D        | Killed from afar by a fire dragon
   948 | D        | Reached XP level 7. HP: -15/36 MP: 10/10
   959 | D        | Noticed a chaos spawn
  1008 | D        | Killed a fire dragon
  1008 | D        | Reached XP level 8. HP: 40/40 MP: 11/11
  1048 | D        | Received a gift from Nemelex Xobeh
  1059 | D        | Noticed a blink frog
  1066 | D        | Noticed a dream sheep
  1076 | D        | Reached skill level 17 in Unarmed Combat
  1080 | D        | Killed a blink frog
  1349 | D        | Reached XP level 9. HP: 33/43 MP: 13/13
  1352 | D        | Reached skill level 5 in Stealth
  1437 | D        | Noticed a polar bear
  1437 | D        | Noticed a polar bear
  1454 | D        | Killed a polar bear
  1460 | D        | Killed a polar bear
  1460 | D        | Reached skill level 5 in Invocations
  1576 | D        | Reached skill level 18 in Unarmed Combat
  1823 | D        | Reached *** piety under Nemelex Xobeh
  1827 | D        | Received a gift from Nemelex Xobeh
  1856 | D        | Received a gift from Nemelex Xobeh
  1876 | D        | Reached **** piety under Nemelex Xobeh
  1895 | D        | Received a gift from Nemelex Xobeh
  2704 | D        | Reached XP level 10. HP: 45/48 MP: 15/15
  3072 | D        | Found Kaparir's Magic Scroll Boutique.
  3072 | D        | Received a gift from Nemelex Xobeh
  3072 | D        | Noticed a hill giant
  3072 | D        | Noticed a hill giant
  3072 | D        | Noticed a hill giant
  3072 | D        | Noticed an ogre mage
  3073 | D        | Noticed a stone giant
  3079 | D        | Noticed a deep troll
  3082 | D        | Killed an ogre mage
  3082 | D        | Reached skill level 19 in Unarmed Combat
  3088 | D        | Killed a hill giant
  3099 | D        | Killed a stone giant
  3099 | D        | Reached skill level 20 in Unarmed Combat
  3345 | D        | Killed a hill giant
  3356 | D        | Killed a hill giant
  3356 | D        | Reached XP level 11. HP: 28/52 MP: 16/16
  3505 | D        | Killed a deep troll
  3790 | D        | Reached skill level 15 in Dodging
  3846 | D        | Found Anwy's General Store.
  3850 | D        | Found Jonier's Distillery.
  3854 | D        | Found Ughowacs's Antique Weapon Shop.
  3856 | D        | Noticed a hill giant
  3858 | D        | Noticed an iron troll
  3859 | D        | Noticed an iron troll
  3860 | D        | Noticed a deep troll
  3895 | D        | Killed a hill giant
  3915 | D        | Slain by an iron troll
  3916 | D        | Reached XP level 10. HP: 0/49 MP: 15/15
  3921 | D        | Received a gift from Nemelex Xobeh
  3980 | D        | Reached ***** piety under Nemelex Xobeh
  3982 | D        | Received a gift from Nemelex Xobeh
  3994 | D        | Noticed Erica
  3994 | D        | Noticed Josephine
  4008 | D        | Killed Josephine
  4008 | D        | Reached skill level 21 in Unarmed Combat
  4107 | D        | Killed Erica
  4181 | D        | Noticed Erolcha
  4188 | D        | Killed Erolcha
  4205 | D        | Received a gift from Nemelex Xobeh
  4280 | D        | Killed a deep troll
  4294 | D        | Killed an iron troll
  4552 | D        | Noticed a centaur warrior
  4552 | D        | Noticed a centaur warrior
  4552 | D        | Noticed a four-headed hydra
  4552 | D        | Noticed an ogre mage
  4553 | D        | Noticed a manticore
  4560 | D        | Killed an ogre mage
  4560 | D        | Reached skill level 10 in Stealth
  4560 | D        | Reached skill level 22 in Unarmed Combat
  4560 | D        | Reached XP level 11. HP: 53/53 MP: 16/16
  4720 | D        | Noticed a fire dragon
  4823 | D        | Killed a four-headed hydra
  4829 | D        | Noticed a glowing orange brain
  4830 | D        | Killed a centaur warrior
  4837 | D        | Killed a centaur warrior
  5524 | D        | Killed a fire dragon
  5575 | D        | Killed a glowing orange brain
  5584 | D        | Noticed a fire dragon
  5585 | D        | Noticed a deep troll shaman
  5633 | D        | Noticed a tengu warrior
  5634 | D        | Noticed a necromancer
  5636 | D        | Killed from afar by a fire dragon

Skill      XL: |  1  2  3  4  5  6  7  8  9 10 11 |
---------------+----------------------------------+-----
Unarmed Combat | 5 8 10 11 12 14 17 18 22 | 22.8
Fighting       | 4 5 6 7 8 9 |  9.6
Dodging        | 6 8 9 12 13 14 16 | 16.4
Stealth        | 1 4 6 10 11 | 11.2
Invocations    | 1 3 4 5 6 7 |  7.1

Action                   |  1- 3 |  4- 6 |  7- 9 | 10-12 || total
-------------------------+-------+-------+-------+-------++-------
Melee: Unarmed           |    48 |    41 |   142 |   168 ||   399
       Bite              |     7 |     4 |    15 |    20 ||    46
       Punch             |     2 |     2 |     6 |    20 ||    30
Evoke: Deck              |       |     2 |    12 |    17 ||    31
  Use: Potion            |       |     1 |       |     4 ||     5
       Scroll            |       |       |       |     1 ||     1
 Stab: Distracted        |       |       |     2 |     1 ||     3
       Sleeping          |       |       |       |     1 ||     1
  Eat: Meat ration       |       |       |     1 |       ||     1
       Chunk             |       |       |     6 |       ||     6
Armor: Skin              |     1 |     1 |     1 |     1 ||     4
Dodge: Dodged            |    30 |    23 |   111 |   117 ||   281
